 Dungeon Crawl Stone Soup version 0.30-a0-149-g7f746667c4 (webtiles) character file.

Game seed: 1123948676455961493

2413 PyroL the Summoner (level 9, 0/40 HPs)
             Began as a Kobold Enchanter on Sept 26, 2022.
             Was a Follower of Hepliaklqana.
             Slain by a slime creature (9 damage)
             ... on level 7 of the Dungeon.
             The game lasted 00:18:36 (8232 turns).

PyroL the Summoner (Kobold Enchanter)               Turns: 8232, Time: 00:18:37

Health: 0/40       AC:  7    Str:  5    XL:     9   Next: 76%
Magic:  10/12      EV: 21    Int: 25    God:    Hepliaklqana [*.....]
Gold:   422        SH:  5    Dex: 22    Spells: 4/12 levels left

rFire   . . .      SeeInvis +    a - +3 dagger (venom)
rCold   . . .      Faith    .    (no shield)
rNeg    . . .      Spirit   .    b - +0 robe
rPois   .          Reflect  +    h - +0 helmet
rElec   .          Harm     .    w - +2 cloak
rCorr   .          Rampage  .    (no gloves)
Will    .....                    A - +0 pair of boots
Stlth   ++++......               C - amulet of reflection
HPRegen 0.13/turn                y - ring of Psychosis {Dex+5 SInv}
MPRegen 0.13/turn                v - +6 ring of intelligence

@: no status effects
A: reduced essence, small, no large weapons, nightstalker 3
a: Renounce Religion, Recall Ancestor, Ancestor Identity


You were on level 7 of the Dungeon.
You worshipped Hepliaklqana.
Hepliaklqana was aware of your devotion.
You visited 2 branches of the dungeon, and saw 8 of its levels.

You collected 422 gold pieces.

Inventory:

Hand Weapons
 a - a +3 dagger of venom (weapon)
 f - a +2 short sword of protection
Missiles
 k - 29 poisoned darts (quivered)
 E - 2 throwing nets
Armour
 b - a +0 robe (worn)
 h - a +0 helmet (worn)
 w - a +2 cloak (worn)
 A - a +0 pair of boots (worn)
Jewellery
 p - a ring of protection from fire
 v - a +6 ring of intelligence (right hand)
 y - the ring of Psychosis (left hand) {Dex+5 SInv}
   (You found it on level 5 of the Dungeon)

   [ring of see invisible]

   Dex:       It affects your dexterity (+5).
   SInv:      It lets you see invisible.
 z - a ring of willpower
 C - an amulet of reflection (around neck)
Wands
 x - a wand of iceblast (24)
 I - a wand of digging (6)
Scrolls
 e - 2 scrolls of blinking
 j - 6 scrolls of teleportation
 l - 2 scrolls of poison {unknown}
 m - a scroll of magic mapping
 n - a scroll of immolation
 o - a scroll of amnesia
 q - a scroll of noise
 r - a scroll of torment
 s - a scroll of acquirement {unknown}
 t - 2 scrolls of enchant weapon {unknown}
 u - a scroll of silence {unknown}
 F - a scroll of identify
Potions
 c - 2 potions of invisibility
 d - 6 potions of curing
 g - 2 potions of lignification
 i - 5 potions of might
 B - a potion of ambrosia {unknown}
 D - 2 potions of brilliance {unknown}
 G - a potion of heal wounds {unknown}
 H - a potion of cancellation {unknown}
 J - a potion of berserk rage {unknown}
 K - a potion of attraction {unknown}


   Skills:
 - Level 2.5 Short Blades
 - Level 8.0 Dodging
 - Level 4.0 Stealth
 - Level 2.1 Spellcasting
 + Level 7.1 Hexes
 * Level 8.3 Summonings


You had 4 spell levels left.
You knew the following spells:

 Your Spells              Type           Power      Damage    Failure   Level
a - Ensorcelled Hibernat  Hex/Ice        40%        N/A       3%          2
b - Confusing Touch       Hex            38%        N/A       1%          3
c - Tukima's Dance        Hex            38%        N/A       1%          3

Your spell library contained the following spells:

 Spells                   Type           Power      Damage    Failure   Level
 Slow                     Hex            100%       N/A       1%          1
 Call Imp                 Summ           44%        N/A       1%          2
 Dazzling Flash           Conj/Hex       40%        N/A       8%          3
 Inner Flame              Hex/Fire       20%        N/A       8%          3
 Foxfire                  Conj/Fire      8%         2x1d4     11%         1
 Magic Dart               Conj           8%         1d3       11%         1
 Sublimation of Blood     Necr           2%         N/A       17%         2
 Wereblood                Tmut           2%         N/A       17%         2
 Summon Ice Beast         Ice/Summ       23%        N/A       21%         4
 Kindle Blastsparks       Fire/Tloc/Air  4%         2d10      32%         3
 Mephitic Cloud           Conj/Pois/Air  2%         N/A       32%         3
 Ozocubu's Armour         Ice            2%         N/A       32%         3
 Vampiric Draining        Necr           2%         2d6       32%         3
 Flame Wave               Conj/Fire      2%         2d4       73%         4
 Summon Mana Viper        Hex/Summ       41%        N/A       13%         5
 Summon Forest            Summ/Tloc      11%        N/A       50%         5
 Monstrous Menagerie      Summ           22%        N/A       97%         7
 Summon Hydra             Summ           22%        N/A       97%         7
 Eringya's Noxious Bog    Tmut/Pois      1%         N/A       100%        6
 Ozocubu's Refrigeration  Ice            1%         4d7       100%        7


Dungeon Overview and Level Annotations

Branches:
Dungeon (7/15)             Temple (1/1) D:5

Altars:
Ashenzari
Cheibriados
Elyvilon
Fedhas
Gozag
Hepliaklqana
Qazlal
Sif Muna
Trog
Xom
Yredelemnul
Zin


Innate Abilities, Weirdness & Mutations

Your life essence is reduced to manifest your ancestor. (-10% HP)
You are small and have problems with some larger weapons.
You are completely attuned to the shadows.


Message History

A slime creature is nearby!
Casting: Tukima's Dance (safe; 1% risk of failure)
Confirm with . or Enter, or press ? or * to list all spells.
Aiming: Ensorcelled Hibernation (safe; 3% risk of failure)
Press: ? - help, Shift-Dir - straight line, f - slime creature
Aim: a slime creature (heavily wounded, chance to affect: 35%)
Okay, then.
There is an open door here.
Casting: Ensorcelled Hibernation (safe; 3% risk of failure)
Confirm with . or Enter, or press ? or * to list all spells.
Aiming: Ensorcelled Hibernation (safe; 3% risk of failure)
Press: ? - help, Shift-Dir - straight line, f - slime creature
Aim: a slime creature (heavily wounded, chance to affect: 35%)
The slime creature easily resists.
Casting: Ensorcelled Hibernation (safe; 3% risk of failure)
Confirm with . or Enter, or press ? or * to list all spells.
Aiming: Ensorcelled Hibernation (safe; 3% risk of failure)
Press: ? - help, Shift-Dir - straight line, f/p - slime creature
Aim: a slime creature (heavily wounded, chance to affect: 35%)
The slime creature easily resists.
The slime creature hits you!
* * * LOW HITPOINT WARNING * * *
Things that are here:
a +0 short sword; a kobold skeleton
Things that are here:
a +0 dagger; a kobold skeleton
Okay, then.
Casting: Ensorcelled Hibernation (safe; 3% risk of failure)
Confirm with . or Enter, or press ? or * to list all spells.
Okay, then.
The slime creature jiggles.
The slime creature attacks as you move away!
The slime creature barely misses you.
There is an open gate here.
The slime creature attacks as you move away!
You block the slime creature's attack.
The slime creature attacks as you move away!
The slime creature completely misses you.
The slime creature attacks as you move away!
The slime creature hits you!
You die...

############...##.# #.#.#.#
#####..............##.###.#.#.##
#......#########................
#......... #..#.##.....#.#...
#.......### #....#.########.###.
#.....†...#...##.#... ..#.# #(
#......##.#..# #....# #.#.# #.
##............###....#####.#.#
#.
##......##>.....@J...........#
#.
##########.#######.....###...#
## .# ##(#### #####.####.## .#
#...... #.....##))# .# #......
##'''####.#### .########......
##...## #.##.. ...............
##.....###)##.. .#######.......
#.).....##.##.. .........#.####
#....)..##.##..


You could see a slime creature.

Vanquished Creatures
  The ghost of jimonade the Magician, an amateur DjCj (D:4)
  A water moccasin (D:7)
  2 ice beasts
  A black bear (D:5)
  A centaur (D:7)
  An ogre (D:4)
  A phantom (D:7)
  3 kobold brigands (D:7)
  2 bullfrogs (D:7)
  2 scorpions (D:5)
  2 wights (D:7)
  A wyvern skeleton (D:4)
  A hound (D:6)
  2 centaur zombies (D:4)
  A jelly (D:7)
  3 gnoll boudas
  8 iguanas
  2 orc wizards
  A howler monkey zombie (D:4)
  14 gnolls
  6 adders
  2 white imps
  An ufetubus (D:4)
  3 dart slugs
  2 worms
  13 orcs
  8 ball pythons
  3 endoplasms
  4 giant cockroaches
  6 goblins
  6 hobgoblins
  4 jackals (D:1)
  A quokka (D:5)
  6 bats
  2 frilled lizards
  12 kobolds
  6 rats
135 creatures vanquished.

Vanquished Creatures (collateral kills)
  A necrophage (D:7)
  A wight (D:7)
  A gnoll bouda (D:7)
  A jelly (D:7)
  4 gnolls (D:6)
  2 orcs (D:5)
  An endoplasm (D:7)
11 creatures vanquished.

Vanquished Creatures (others)
  A dancing weapon (D:6)
  An orc wizard (D:5)
  An ancestor (D:7)
  A fungus (D:7)
  10 toadstools (D:7)
14 creatures vanquished.

Grand Total: 160 creatures vanquished

Notes
Turn   | Place    | Note
-------+----------+-------------------------------------------
     0 | D:1      | PyroL the Kobold Enchanter began the quest for the Orb.
     0 | D:1      | Reached XP level 1. HP: 10/10 MP: 3/3
    81 | D:1      | Reached XP level 2. HP: 11/15 MP: 5/5
   223 | D:1      | Learned a level 2 spell: Ensorcelled Hibernation
   545 | D:1      | Reached XP level 3. HP: 19/19 MP: 6/6
  1567 | D:3      | Reached XP level 4. HP: 19/24 MP: 7/7
  2663 | D:4      | Reached XP level 5. HP: 28/28 MP: 8/8
  2740 | D:4      | Reached skill level 1 in Summonings
  3081 | D:4      | Found a runed translucent gate.
  3081 | D:4      | Found a runed translucent gate.
  3081 | D:4      | Found a runed translucent gate.
  3120 | D:4      | Reached XP level 6. HP: 20/32 MP: 9/9
  3125 | D:4      | Noticed jimonade's ghost (amateur DjCj)
  3396 | D:4      | Noticed an ogre
  3424 | D:4      | Killed an ogre
  3425 | D:4      | Reached skill level 5 in Dodging
  3433 | D:4      | Learned a level 3 spell: Confusing Touch
  3437 | D:4      | Learned a level 3 spell: Tukima's Dance
  3809 | D:4      | Killed jimonade's ghost
  3810 | D:4      | Reached XP level 7. HP: 9/36 MP: 1/10
  4035 | D:5      | Entered Level 5 of the Dungeon
  4098 | D:5      | Identified the ring of Psychosis {Dex+5 SInv}
  4245 | D:5      | Reached skill level 5 in Hexes
  4355 | D:5      | Found a staircase to the Ecumenical Temple.
  4358 | D:5      | Reached XP level 8. HP: 41/41 MP: 11/11
  4531 | Temple   | Entered the Ecumenical Temple
  4571 | Temple   | Became a worshipper of Hepliaklqana the Forgotten
  5131 | D:5      | Reached skill level 5 in Summonings
  6154 | D:6      | Reached * piety under Hepliaklqana
  6268 | D:6      | Reached XP level 9. HP: 24/40 MP: 6/12
  8167 | D:7      | Noticed a slime creature
  8189 | D:7      | Noticed a slime creature
  8232 | D:7      | Slain by a slime creature

Illustrated notes

Levels and vault maps discovered:
D:1:      minmay_arrival_diagonal_passages, layout_basic
D:2:      layout_basic, minmay_misc_feat_pillars, minmay_tromino_v4_b
D:3:      layout_basic
D:4:      layout_loops_ring, gammafunk_ghost_necromancy, minmay_misc_feat_doors
D:5:      layout_rooms, minmay_temple_entry_nine_rooms
D:6:      layout_basic, minivault_4
D:7:      cheibrodos_fertilizer, layout_basic
Temple:   compressed_dpeg_triangle_lava_temple

Skill      XL: |  1  2  3  4  5  6  7  8  9 |
---------------+----------------------------+-----
Dodging        | 3 4 6 8 |  8.0
Short Blades   | 2 |  2.5
Hexes          | 4 5 7 |  7.1
Summonings     | 2 3 4 6 8 |  8.3
Stealth        | |  4.0
Spellcasting   | |  2.1

Action                   |  1- 3 |  4- 6 |  7- 9 || total
-------------------------+-------+-------+-------++-------
Melee: Dagger            |     9 |    36 |   184 ||   229
       Short sword       |    88 |    81 |   173 ||   342
       Punch             |     2 |     5 |     8 ||    15
 Cast: Confusing Touch   |       |     3 |     4 ||     7
       Tukima's Dance    |       |       |    15 ||    15
       Ensorcelled Hiber |       |       |     8 ||     8
Invok: Ancestor Identity |       |       |     1 ||     1
  Use: Scroll            |       |     6 |     4 ||    10
       Potion            |       |     1 |     1 ||     2
 Stab: Sleeping          |    22 |    17 |    14 ||    53
       Confused          |       |     1 |     2 ||     3
Armor: Robe              |    17 |    36 |    41 ||    94
Dodge: Dodged            |    74 |    85 |   289 ||   448
Block: Other             |       |       |    43 ||    43

Table legend: (Time is in decaauts)
 A = Elapsed time spent in this place.
 B = Non-inter-level travel time spent in this place.
 C = Inter-level travel time spent in this place.
 D = Time resting spent in this place.
 E = Time spent auto-exploring this place.
 F = Levels seen in this place.
 G = Mean time per level.
                   A        B        C        D        E       F      G
               +--------+--------+--------+--------+--------+-----+--------+
         Total |   8188 |   8015 |    173 |   1421 |   5122 |   8 | 1023.5 |
       Dungeon |   8133 |   7960 |    173 |   1421 |   5094 |   7 | 1161.9 |
        Temple |     54 |     54 |      0 |      0 |     28 |   1 |   54.0 |
               +--------+--------+--------+--------+--------+-----+--------+

Top non-repeatable levels by time:
     D:7: 1509 daAuts
     D:4: 1418 daAuts
     D:3: 1338 daAuts
     D:5: 1261 daAuts
     D:6: 1082 daAuts
     D:1: 812 daAuts
     D:2: 710 daAuts
  Temple: 54 daAuts
